 Dungeon Crawl Stone Soup version 0.28-a0-1510-gd0f6b136d3 (webtiles) character file.

Game seed: 9736327534629211410

469 murtidash the Chopper (level 7, -4/99 HPs)
             Began as a Hill Orc Delver on Jan 14, 2022.
             Killed from afar by a ynoxinul (11 damage)
             ... with an iron shot
             ... on level 2 of the Abyss.
             The game lasted 00:05:20 (4409 turns).

murtidash the Chopper (Hill Orc Delver)             Turns: 4409, Time: 00:05:21

Health: -4/99      AC:  9    Str: 17    XL:     7   Next: 9%
Magic:  0/7        EV:  7    Int: 10    God:
Gold:   251        SH:  0    Dex: 12    Spells: 6/6 levels left

rFire   . . .      SeeInvis .   q - +0 whip (elec)
rCold   . . .      Faith    .   (no shield)
rNeg    . . .      Spirit   +   s - +0 chain mail
rPois   .          Reflect  .   (no helmet)
rElec   .          Harm     .   (no cloak)
rCorr   .          Rampage  .   (no gloves)
Will    .....                   l - +0 pair of boots
Stlth   ..........              i - amulet of guardian spirit {Spirit}
HPRegen 0.26/turn               (no ring)
MPRegen 0.10/turn               (no ring)

@: mighty, berserking, very quick
A: no striking features
a: no special abilities


You were on level 2 of the Abyss.
You visited 1 branch of the dungeon, and saw 6 of its levels.
You visited the Abyss 1 time.

You collected 251 gold pieces.

Inventory:

Hand Weapons
 a - a +0 hand axe
 n - a +0 dagger of flaming
   (You found it on level 1 of the Dungeon)
 q - a +0 whip of electrocution (weapon)
   (You took it off a kobold on level 2 of the Dungeon)
Armour
 b - a +0 leather armour
 l - a +0 pair of boots (worn)
   (You found it on level 4 of the Dungeon)
 s - a +0 chain mail (worn)
   (You found it on level 2 of the Dungeon)
Jewellery
 i - an amulet of guardian spirit (around neck) {Spirit}
   (You found it on level 4 of the Dungeon)
Wands
 g - a wand of digging (17)
Scrolls
 c - a scroll of fog
 d - a scroll of magic mapping {!r}
 e - a scroll of fear
 h - 2 scrolls of teleportation {unknown}
 k - 3 scrolls of identify {@r1}
 o - a scroll of vulnerability {unknown}
 p - a scroll of silence {unknown}
 t - a scroll of torment {unknown}
 v - 2 scrolls of immolation {unknown}
Potions
 j - a potion of heal wounds {unknown}
 u - a potion of magic


   Skills:
 + Level 7.1 Fighting
 + Level 7.1 Axes
 - Level 1.5 Dodging
 - Level 4.1 Stealth


You had 6 spell levels left.
You didn't know any spells.
Your spell library contained the following spells:

 Spells                   Type           Power      Damage    Failure   Level
 Apportation              Tloc           0%         N/A       100%        1
 Magic Dart               Conj           0%         1d3       100%        1
 Searing Ray              Conj           0%         2d4       100%        2
 Fulminant Prism          Conj/Hex       0%         3d6       100%        4
 Alistair's Intoxication  Tmut/Pois      0%         N/A       100%        5


Dungeon Overview and Level Annotations

Branches:
Dungeon (7/15)
 Temple: D:4-7

Altars:

Shops:
D:1 (

Annotations:
D:7 Maggie


Message History

You are too injured to fight recklessly!
You are too injured to fight recklessly!
You are too injured to fight recklessly!
You are too injured to fight recklessly!
You are too injured to fight recklessly!
You are too injured to fight recklessly!
You are too injured to fight recklessly!
You hit the wyvern zombie.
Lightning courses through the wyvern zombie!
You punch the wyvern zombie, but do no damage.
The wyvern zombie bites you.
You now have 4/6 mp.
You hit the wyvern zombie.
The wyvern zombie completely misses you.
You barely miss the wyvern zombie.
The wyvern zombie bites you but does no damage.
You hit the wyvern zombie.
Lightning courses through the wyvern zombie!
You destroy the wyvern zombie!
Your Fighting skill increases to level 7!
Your Axes skill increases to level 7!
You have reached level 7!
You regained 5 hp, and now have 43/66 hp.
u - a sedimented yellow potion Health restored: 66; MP restored: 7
v - 2 scrolls labelled XELI HOLEUPP
Found a stone staircase leading down.
Maggie the Vainglorious comes into view.
She is wielding a +0 broad axe of distortion and carrying a wand of mindburst (16).
Okay, then.
Okay, then.
Unknown command.
As you read the scroll labelled FOKIGOPLOE, it crumbles to dust.
It is a scroll of identify.
m - 2 potions of curing
As you read the scroll of identify {@r1}, it crumbles to dust.
u - a potion of magic You hit Maggie.
You hit Maggie but do no damage. Lightning courses through Maggie!
Maggie hits you with a +0 broad axe of distortion!
You take 7 damage, and have 59/66 hp.
You now have 6/7 mp.
You hit Maggie but do no damage.
Maggie mumbles some strange words.
Maggie attempts to bespell you!
You are mesmerised by Maggie!
You whack Maggie!
Maggie hits you with a +0 broad axe of distortion!
Space warps horribly around you!
You take 18 damage, and have 41/66 hp.
MASSIVE DAMAGE!!
You now have 4/7 mp.
You hit Maggie but do no damage. Lightning courses through Maggie!
Maggie barely misses you.
You hit Maggie.
Maggie hits you with a +0 broad axe of distortion!
Space warps around you.
You take 13 damage, and have 29/66 hp.
You now have 3/7 mp.
You hit Maggie but do no damage. Lightning courses through Maggie!
Maggie barely misses you.
You completely miss Maggie. Maggie gestures at you while chanting.
The bolt of fire hits you!!
* * * LOW HITPOINT WARNING * * *
You take 28 damage, and have 1/66 hp.
MASSIVE DAMAGE!!
You now have 0/7 mp.
You feel better. Maggie completely misses you.
You regained 9 hp, and now have 10/66 hp.
You feel better.
Maggie hits you with a +0 broad axe of distortion!
* * * LOW HITPOINT WARNING * * *
You are cast into the Abyss!
This branch contains the abyssal rune of Zot.
You take 2 damage, and have 8/66 hp.
You start resting.
A ynoxinul materialises.
You regained 2 hp, and now have 10/66 hp.
The ynoxinul bellows!
The ynoxinul gestures.
A yellow draconian comes into view. It is wielding a +0 short sword.
The yellow draconian spits acid at you. The glob of acid hits you!
* * * LOW HITPOINT WARNING * * *
You take 10 damage, and have 6/66 hp.
You now have 1/7 mp.
It was a potion of might.
You feel very mighty all of a sudden.
It was a potion of berserk rage.
A red film seems to cover your vision as you go berserk!
You feel yourself moving faster!
You feel mighty!
You now have 12/99 hp.
You feel a strong urge to attack something.
The ynoxinul barely misses you.
You closely miss the ynoxinul.
The ynoxinul gestures.
You barely miss the ynoxinul. You closely miss the ynoxinul.
The ufetubus hits you.
* * * LOW HITPOINT WARNING * * *
The ufetubus barely misses you. The ynoxinul hits you.
* * * LOW HITPOINT WARNING * * *
You take 6 damage, and have 7/99 hp.
You whack the ynoxinul!
The ufetubus hits you but does no damage. x2
The ynoxinul gestures at you. The iron shot hits you!
You die...

... #... .
..... #.....
.....#### #
#......##.##.#
......5##..#
#......5@..#.#
####..3#### #
#...# # #.
#.#### .
#.##....# #.##
# .....##...#
#.....#....#.#.
. ..##...##
3........ ....#
#.... ....


You could see a ynoxinul and 2 ufetubi.

Vanquished Creatures
  Grinder (D:3)
  A wyvern zombie (D:7)
  Jessica (D:3)
  An orc wizard (D:3)
  4 gnolls (D:4)
  5 adders
  An adder zombie (D:3)
  A worm (D:2)
  3 dart slugs
  4 orcs
  6 ball pythons
  6 bats
  3 endoplasms
  4 giant cockroaches
  5 goblins
  5 hobgoblins
  2 jackals (D:1)
  9 quokkas
  A frilled lizard (D:3)
  5 kobolds
  6 rats
  3 toadstools (D:5)
77 creatures vanquished.

Vanquished Creatures (others)
  4 fungi (D:5)
4 creatures vanquished.

Grand Total: 81 creatures vanquished

Notes
Turn   | Place    | Note
-------+----------+-------------------------------------------
     0 | D:5      | murtidash the Hill Orc Delver began the quest for the Orb.
     0 | D:5      | Reached XP level 1. HP: 19/19 MP: 1/1
   235 | D:4      | Reached skill level 3 in Axes
   254 | D:4      | Reached XP level 2. HP: 22/27 MP: 2/2
   487 | D:3      | Reached skill level 4 in Fighting
   669 | D:3      | Reached XP level 3. HP: 31/34 MP: 3/3
   888 | D:1      | Found Zoenior's Weapon Shop.
  1017 | D:1      | Found a faded altar of an unknown god.
  1155 | D:1      | Reached skill level 4 in Axes
  1834 | D:2      | Reached XP level 4. HP: 41/41 MP: 4/4
  2320 | D:2      | Reached skill level 5 in Fighting
  3144 | D:3      | Reached skill level 5 in Axes
  3186 | D:3      | Noticed Grinder
  3191 | D:3      | Paralysed by Grinder for 3 turns
  3212 | D:3      | Killed Grinder
  3213 | D:3      | Reached skill level 6 in Fighting
  3213 | D:3      | Reached skill level 6 in Axes
  3213 | D:3      | Reached XP level 5. HP: 16/51 MP: 1/5
  3213 | D:3      | Reached XP level 6. HP: 18/58 MP: 1/6
  3561 | D:3      | Noticed Jessica
  3566 | D:3      | Killed Jessica
  4163 | D:7      | Reached skill level 7 in Fighting
  4163 | D:7      | Reached skill level 7 in Axes
  4163 | D:7      | Reached XP level 7. HP: 43/66 MP: 4/7
  4342 | D:7      | Noticed Maggie
  4352 | D:7      | HP: 1/66 [Maggie/bolt of fire (28)]
  4354 | D:7      | Cast into level 2 of the Abyss (Maggie)
  4364 | Abyss:2  | Noticed a ynoxinul
  4394 | Abyss:2  | Noticed a yellow draconian
  4395 | Abyss:2  | HP: 6/66 [yellow draconian/glob of acid (10)]
  4408 | Abyss:2  | HP: 10/99 [ufetubus[a ynoxinul] (3)]
  4409 | Abyss:2  | Killed from afar by a ynoxinul

Illustrated notes

Levels and vault maps discovered:
D:1:      roderic_crossed_star, layout_rooms, serial_corexii_hall,
          corexii_hall_statues_s, corexii_hall_statues_u,
          corexii_hall_statues_i, chequers_hall_statues_corner_a,
          hellmonk_ecumenical_altar_dog_temple, serial_shops,
          nicolae_shop_advertising_works [nicolae_subvault_shop_adworks],
          hangedman_decor_slide_cut
D:2:      layout_basic
D:3:      cheibrodos_helix_gallery, layout_loops_corners, kennysheep_nub,
          uniq_grinder, uniq_jessica
D:4:      layout_basic, goddamned_bats
D:5:      layout_basic, minmay_gold_behind_fungi, minmay_hollow_rounded_squares
D:7:      layout_basic, temple_pool_b, serial_co_window_serial,
          co_window_corner_a, co_window_corner_a, co_window_paths_a,
          co_window_corner_a, co_window_paths_b, co_window_broadway_a,
          co_window_corner_b, co_window_unsneaky_path_c, co_window_broadway_b,
          co_window_2corner, co_window_corner_cb, co_window_corner_b,
          co_window_paths_e, glass_columns_c, glass_columns_c, uniq_maggie,
          uniq_duvessa
Abyss:2:  base: D:1, evilmike_abyss_exit_11

Skill      XL: |  1  2  3  4  5  6 |
---------------+-------------------+-----
Axes           | 3 4 6 7 |  7.1
Fighting       | 4 6 7 |  7.1
Dodging        | |  1.5
Stealth        | |  4.1

Action                   |  1- 3 |  4- 6 |  7- 9 || total
-------------------------+-------+-------+-------++-------
Melee: Hand axe          |   114 |    10 |       ||   124
       Punch             |     1 |     2 |       ||     3
       Whip              |       |   153 |    12 ||   165
  Use: Potion            |       |     1 |     4 ||     5
       Scroll            |       |       |     2 ||     2
 Stab: Sleeping          |     4 |     1 |       ||     5
Armor: Skin              |     6 |       |       ||     6
       Leather armour    |    37 |    11 |       ||    48
       Chain mail        |       |    70 |     2 ||    72
Dodge: Dodged            |    64 |    68 |     5 ||   137

Table legend: (Time is in decaauts)
 A = Elapsed time spent in this place.
 B = Non-inter-level travel time spent in this place.
 C = Inter-level travel time spent in this place.
 D = Time resting spent in this place.
 E = Time spent auto-exploring this place.
 F = Levels seen in this place.
 G = Mean time per level.
                   A        B        C        D        E       F      G
               +--------+--------+--------+--------+--------+-----+--------+
         Total |   4399 |   4213 |    186 |     10 |   3461 |   7 |  628.4 |
       Dungeon |   4346 |   4160 |    186 |      0 |   3461 |   6 |  724.3 |
         Abyss |     53 |     53 |      0 |     10 |      0 |   1 |   53.0 |
               +--------+--------+--------+--------+--------+-----+--------+

Top non-repeatable levels by time:
     D:3: 1297 daAuts
     D:2: 999 daAuts
     D:1: 897 daAuts
     D:4: 869 daAuts
     D:7: 203 daAuts
     D:5: 79 daAuts
 Abyss:2: 53 daAuts

Table legend:
 A = Kills in this place as a percentage of kills in entire the game.
 B = Kills by you in this place as a percentage of kills by you in the entire game.
 C = Kills by friends in this place as a percentage of kills by friends in the entire game.
 D = Other kills in this place as a percentage of other kills in the entire game.
 E = Experience gained in this place as a percentage of experience gained in the entire game.
 F = Experience gained in this place divided by the number of levels of this place that you have seen.
                   A       B       C       D       E      F
               +-------+-------+-------+-------+-------+----------------------
         Total | 100.0 | 100.0 |   N/A |   N/A | 100.0 |  95.7
       Dungeon | 100.0 | 100.0 |   N/A |   N/A | 100.0 | 111.7
               +-------+-------+-------+-------+-------+----------------------
